 Dungeon Crawl Stone Soup version 0.21.1-1-g345015f (webtiles) character file.

8 shakethe the Chopper (level 2, 9/22 HPs)
             Began as a Demonspawn Gladiator on Feb 27, 2018.
             Quit the game on level 1 of the Dungeon.
             The game lasted 00:00:12 (36 turns).

shakethe the Chopper (Demonspawn Gladiator)           Turns: 36, Time: 00:00:13

Health: 9/22       AC:  4    Str: 14    XL:     2   Next: 0%
Magic:  2/2        EV: 12    Int:  9    God:
Gold:   0          SH:  0    Dex: 14    Spells: 1/1 levels left

rFire    . . .     SeeInvis .   a - +0 war axe
rCold    . . .     Gourm    .   (no shield)
rNeg     . . .     Faith    .   b - +0 leather armour
rPois    .         Spirit   .   c - +0 helmet
rElec    .         Reflect  .   (no cloak)
rCorr    .         Harm     .   (no gloves)
MR       .....                  (no boots)
Stlth    +.........             (no amulet)
HPRegen  0.07/turn              (no ring)
MPRegen  0.08/turn              (no ring)

@: no status effects
A: rot immunity
a: no special abilities


You were on level 1 of the Dungeon.
You were not hungry.

You visited 1 branch of the dungeon, and saw 1 of its levels.

Inventory:

Hand Weapons
 a - a +0 war axe (weapon)
Missiles
 d - 3 throwing nets {=f, !d}
Armour
 b - a +0 leather armour (worn)
 c - a +0 helmet (worn)
Comestibles
 f - a ration


   Skills:
 + Level 2.2 Fighting
 * Level 3.0 Axes
 - Level 1.7 Throwing
 + Level 2.8 Dodging


You had one spell level left.
You didn't know any spells.

Dungeon Overview and Level Annotations

Branches:
Dungeon (1/15)

Altars:


Innate Abilities, Weirdness & Mutations

You are immune to rotting.


Message History

You hit the giant cockroach. You closely miss the kobold.
The giant cockroach misses you. The kobold hits you but does no damage.
You completely miss the giant cockroach.
You closely miss the kobold. The giant cockroach misses you.
The kobold hits you. The giant cockroach closely misses you.
The kobold hits you.
You hit the giant cockroach but do no damage.
You hit the kobold.
You kill the kobold!
The giant cockroach closely misses you. The giant cockroach misses you.
You slash the giant cockroach!
You kill the giant cockroach!
You take 3 damage, and have 13/16 hp.
No target in view!
No target in view!
No target in view!
No target in view!
No target in view!
No target in view!
No target in view!
No target in view!
No target in view!
No target in view!
No target in view!
No target in view!
No target in view!
No target in view!
No target in view!
A rat and a dart slug come into view.
A frilled lizard and a giant cockroach come into view.
The giant cockroach barely misses you. The giant cockroach misses you.
You completely miss the giant cockroach.
The giant cockroach bites you but does no damage.
You slash the giant cockroach!
You kill the giant cockroach!
You barely miss the rat. The rat bites you but does no damage.
The rat completely misses you.
You slash the rat!
You kill the rat!
The dart slug launches a dart at you. The slug dart misses you.
The frilled lizard hisses angrily.
The dart slug bites you.
You slash the dart slug!
You kill the dart slug!
You see here a dart slug corpse.
You take 1 damage, and have 13/16 hp.
A goblin comes into view. It is wielding a dagger.
You closely miss the frilled lizard.
The goblin shouts!
The frilled lizard bites you. The frilled lizard barely misses you.
You take 3 damage, and have 10/16 hp.
You closely miss the frilled lizard. The frilled lizard misses you.
You miss the frilled lizard. The frilled lizard barely misses you.
You closely miss the frilled lizard. The frilled lizard misses you. x2
The goblin barely misses you.
You hit the goblin. You miss the frilled lizard.
The frilled lizard barely misses you. The goblin closely misses you.
You closely miss the goblin. You hit the frilled lizard.
The frilled lizard barely misses you. The goblin hits you with a dagger.
You take 2 damage, and have 8/16 hp.
You are too injured to fight recklessly!
You are too injured to fight recklessly!
You are too injured to fight recklessly!
You are too injured to fight recklessly!
You are too injured to fight recklessly!
You are too injured to fight recklessly!
You are too injured to fight recklessly!
You are too injured to fight recklessly!
You are too injured to fight recklessly!
You are too injured to fight recklessly!
You are too injured to fight recklessly!
You are too injured to fight recklessly!
You are too injured to fight recklessly!
You are too injured to fight recklessly!
You are too injured to fight recklessly!
You are too injured to fight recklessly!
You are too injured to fight recklessly!
You are too injured to fight recklessly!
You are too injured to fight recklessly!
You are too injured to fight recklessly!
You are too injured to fight recklessly!
You are too injured to fight recklessly!
Unknown command.
You closely miss the frilled lizard. You miss the goblin.
The frilled lizard misses you. The goblin barely misses you.
The frilled lizard bites you but does no damage.
The goblin hits you but does no damage.
You closely miss the frilled lizard. You slash the goblin!
You kill the goblin!
Your Axes skill increases to level 3!
The frilled lizard bites you.
You take 2 damage, and have 7/16 hp.
You hit the frilled lizard.
You kill the frilled lizard!
You have reached level 2!
Your demonic ancestry asserts itself...
You feel immune to rotting.
You regained 2 hp, and now have 9/22 hp.
MP restored: 2

#########
#......?#
#.......#
###.......#
..........#####
.......†.......
#)@.......
#.†$......
#######.#####..#
##...#....# #
##.....###†#
#..##.## .#
#..#..# .#
#.#..## .#
#.#..# .#


There were no monsters in sight!

Vanquished Creatures
  A dart slug (D:1)
  2 giant cockroaches (D:1)
  A frilled lizard (D:1)
  A goblin (D:1)
  A kobold (D:1)
  A rat (D:1)
7 creatures vanquished.

Notes
Turn   | Place    | Note
-------+----------+-------------------------------------------
     0 | D:1      | shakethe the Demonspawn Gladiator began the quest for the Orb.
     0 | D:1      | Reached XP level 1. HP: 16/16 MP: 1/1
    34 | D:1      | Reached skill level 3 in Axes
    35 | D:1      | Gained mutation: You are immune to rotting. [demonic ancestry]
    35 | D:1      | Reached XP level 2. HP: 9/22 MP: 2/2
    36 | D:1      | Quit the game

Skill      XL: |  1 |
---------------+----+-----
Axes           | 3 |  3.0
Fighting       | |  2.2
Throwing       | |  1.7
Dodging        | |  2.8

Action                   || total
-------------------------++-------
Melee: War axe           ||    19
Armor: Leather armour    ||     6
Dodge: Dodged            ||    21

Vault maps used:
D:1:      dpeg_arrival_round_c

Table legend:
 A = Turns spent in this place as a percentage of turns spent in the entire game.
 B = Non-inter-level travel turns spent in this place as a percentage of non-inter-level travel turns spent in the entire game.
 C = Inter-level travel turns spent in this place as a percentage of turns spent in this place.
 D = Turns resting spent in this place as a percentage of non-inter-level travel turns spent in this place.
 E = Turns spent auto-exploring this place as a percentage of non-inter-level travel turns spent in this place.
 F = Non-inter-level travel turns spent in this place divided by the number of levels of this place that you've seen.
                   A       B       C       D       E      F
               +-------+-------+-------+-------+-------+----------------------
         Total | 100.0 | 100.0 |   0.0 |   0.0 |  27.8 |  36.0
       Dungeon | 100.0 | 100.0 |   0.0 |   0.0 |  27.8 |  36.0
               +-------+-------+-------+-------+-------+----------------------

Table legend:
 A = Kills in this place as a percentage of kills in entire the game.
 B = Kills by you in this place as a percentage of kills by you in the entire game.
 C = Kills by friends in this place as a percentage of kills by friends in the entire game.
 D = Other kills in this place as a percentage of other kills in the entire game.
 E = Experience gained in this place as a percentage of experience gained in the entire game.
 F = Experience gained in this place divided by the number of levels of this place that you have seen.
                   A       B       C       D       E      F
               +-------+-------+-------+-------+-------+----------------------
         Total | 100.0 | 100.0 |   N/A |   N/A | 100.0 |  12.0
       Dungeon | 100.0 | 100.0 |   N/A |   N/A | 100.0 |  12.0
               +-------+-------+-------+-------+-------+----------------------
